 Dungeon Crawl Stone Soup version 0.31-a0-981-geadf994542 (webtiles) character file.

Game seed: 7288607262139518578

41079 lessens the Nimble (level 14, -8/110 HPs)
             Began as a Gnoll Gladiator on Oct 31, 2023.
             Was an Initiate of Gozag.
             Mangled by a six-headed hydra simulacrum (27 damage)
             ... on level 5 of the Lair of Beasts.
             The game lasted 00:48:52 (22579 turns).

lessens the Nimble (Gnoll Gladiator)               Turns: 22579, Time: 00:48:53

Health: -8/110     AC: 25    Str: 18    XL:     14   Next: 13%
Magic:  24/24      EV: 14    Int:  8    God:    Gozag
Gold:   1044       SH:  0    Dex: 14    Spells: 31/31 levels left

rFire   + + .        L - +11 great sword of Conscience {flame, Drain Will+ Dex+5 Stlth+}
rCold   . . .        (shield currently unavailable)
rNeg    . . .        Y - +7 plate armour "Jegaquuw" {rF++ Dex-5}
rPois   .            c - +0 helmet
rElec   .            A - +0 cloak
rCorr   .            (no gloves)
SInv    .            Z - +0 pair of boots
Will    ++...        M - amulet of regeneration
Stlth   +            r - +5 ring of evasion
HPRegen 1.18/turn    K - +4 ring of slaying
MPRegen 0.19/turn

%: no passive effects
@: no status effects
A: fangs 1, strong nose, distributed training, low MP 1, inability to drink
after injury 1, inability to read after injury 1
a: Renounce Religion, Potion Petition, Call Merchant, Bribe Branch


You were on level 5 of the Lair of Beasts.
You worshipped Gozag.
Gozag was most pleased with you.
You visited 2 branches of the dungeon, and saw 17 of its levels.
You also visited: Bailey.

You collected 4792 gold pieces.
You spent 2328 gold pieces at shops.
You paid 1420 gold pieces to Gozag.

Inventory:

Hand Weapons
 b - a +0 dagger of venom
 s - a +2 battleaxe of freezing
 D - the +2 scimitar of Cocytus {heavy, Dex+10 SInv}
   (You found it in a bailey)

   Dex+10:    It affects your dexterity (+10).
   SInv:      It lets you see invisible.
 L - the +11 great sword of Conscience (weapon) {flame, Drain Will+ Dex+5 Stlth+}
   (You bought it in a shop on level 6 of the Dungeon)

   Dex+5:     It affects your dexterity (+5).
   Will+:     It increases your willpower.
   Drain:     It drains your maximum health when unequipped.
   Stlth+:    It makes you more stealthy.
Missiles
 d - 9 throwing nets
 e - 11 javelins (quivered)
 i - 117 stones
 p - 7 poisoned darts
 J - 9 boomerangs
 W - 5 curare-tipped darts
Armour
 c - a +0 helmet (worn)
 A - a +0 cloak (worn)
 O - a +1 robe of fire resistance
 Y - the +7 plate armour "Jegaquuw" (worn) {rF++ Dex-5}
   (You bought it in a shop on level 2 of the Lair of Beasts)

   Dex-5:     It affects your dexterity (-5).
   rF++:      It greatly protects you from fire.
 Z - a +0 pair of boots (worn)
Jewellery
 a - a ring of ice
 r - a +5 ring of evasion (left hand)
 E - a ring of willpower
 F - a ring of resist corrosion
 K - a +4 ring of slaying (right hand)
 M - an amulet of regeneration (around neck)
Wands
 j - a wand of polymorph (2)
 w - a wand of paralysis (5)
 B - a wand of iceblast (3)
 T - a wand of flame (16)
Scrolls
 f - a scroll of immolation
 g - a scroll of enchant armour {unknown}
 h - 4 scrolls of enchant weapon
 m - a scroll of torment {unknown}
 n - a scroll of poison
 o - 3 scrolls of revelation
 t - 2 scrolls of noise
 u - 4 scrolls of amnesia
 y - 2 scrolls of fog
 I - a scroll of silence {unknown}
 R - 5 scrolls of fear
 U - a scroll of brand weapon
Potions
 l - a potion of invisibility {unknown}
 q - 2 potions of lignification
 v - 2 potions of heal wounds {unknown}
 x - 2 potions of brilliance
 z - a potion of might
 C - 2 potions of magic
 G - 3 potions of attraction {unknown}
 H - 2 potions of degeneration {unknown}
 N - 4 potions of curing
 P - 6 potions of haste
 S - 2 potions of mutation {unknown}
 V - a potion of enlightenment
 X - 2 potions of berserk rage {unknown}
Miscellaneous
 k - a phial of floods (inert)


   Skills:
 + Level 10.2 Fighting
 + Level 9.1 Short Blades
 + Level 9.1 Long Blades
 + Level 11.2 Axes
 + Level 9.1 Maces & Flails
 + Level 9.1 Polearms
 + Level 9.1 Staves
 + Level 9.1 Ranged Weapons
 + Level 10.2 Throwing
 + Level 9.1 Armour
 + Level 11.2 Dodging
 + Level 9.1 Stealth
 + Level 9.1 Shields
 + Level 9.1 Unarmed Combat
 + Level 9.1 Spellcasting
 + Level 7.6 Conjurations
 + Level 7.6 Hexes
 + Level 7.6 Summonings
 + Level 7.6 Necromancy
 + Level 7.6 Translocations
 + Level 7.6 Transmutations
 + Level 7.6 Fire Magic
 + Level 7.6 Ice Magic
 + Level 7.6 Air Magic
 + Level 7.6 Earth Magic
 + Level 7.6 Poison Magic
 + Level 9.9 Invocations
 + Level 9.1 Evocations
 + Level 8.3 Shapeshifting


You had 31 spell levels left.
You didn't know any spells.
Your spell library contained the following spells:

 Spells                   Type           Power      Damage    Failure   Level
 Poisonous Vapours        Pois/Air       30%        N/A       28%         2
 Call Canine Familiar     Summ           15%        N/A       50%         3
 Mephitic Cloud           Conj/Pois/Air  15%        N/A       50%         3
 Sigil of Binding         Hex            15%        N/A       50%         3
 Dimensional Bullseye     Hex/Tloc       7%         N/A       88%         4
 Leda's Liquefaction      Hex/Erth       7%         N/A       88%         4
 Vhi's Electric Charge    Tloc/Air       30%        N/A       88%         4
 Arcjolt                  Conj/Air       7%         1d17      99%         5
 Freezing Cloud           Conj/Ice/Air   7%         6-21      99%         5
 Plasma Beam              Fire/Air       7%         2x1d18    100%        6


Dungeon Overview and Level Annotations

Branches:
Dungeon (12/15) Zot: 25526  Temple (0/1) D:4            Lair (5/5) D:9 Zot: 24370
  Swamp (0/4) Lair:2        Snake (0/4) Lair:3        Slime (0/5) Lair:5
    Orc (0/2) D:10         Bailey (visited)

Altars:
Cheibriados
Elyvilon
Gozag
Hepliaklqana
Kikubaaqudgha
Makhleb
Nemelex Xobeh
Qazlal
Sif Muna
Trog
Vehumet
Wu Jian
The Shining One
Jiyva

Shops:
D:6 (   D:10 (   D:12 (   Lair:2 [


Innate Abilities, Weirdness & Mutations

You have very sharp teeth.
Your uncanny sense of smell can sniff out nearby items.
Your experience applies equally to all skills.
Your magical capacity is low. (-10% MP)
You occasionally lose the ability to drink potions when taking damage.
You occasionally lose the ability to read scrolls when taking damage.


Message History

The hell rat completely misses you.
You slice the hell rat!! You burn the hell rat.
You kill the hell rat!
You carve the hell rat simulacrum like a ham!!!
You melt the hell rat simulacrum.
The hell rat simulacrum vaporises!
The seven-headed hydra simulacrum is distracted by your dazzling golden aura.
Okay, then.
Aim the phial where?
Press: ? - help, Shift-Dir - straight line, f - necromancer
Aim: a necromancer, wielding a +0 dagger and wearing a +0 robe (64% to hit)
The torrent of water hits the necromancer!!
The necromancer is almost dead.
The necromancer is knocked back by the torrent of water.
The necromancer collides with the seven-headed hydra simulacrum!
The seven-headed hydra simulacrum is no longer distracted by gold.
The seven-headed hydra simulacrum is lightly damaged.
You kill the necromancer!
The wave splashes down.
Splash!
You fall into the shallow water.
Moving in this stuff is going to be slow.
Your life force feels restored.
You lop one of the seven-headed hydra simulacrum's heads off!
You slice the six-headed hydra simulacrum!!
You melt the six-headed hydra simulacrum!
The six-headed hydra simulacrum is almost destroyed.
The six-headed hydra simulacrum bites you.
The six-headed hydra simulacrum freezes you!!
The six-headed hydra simulacrum bites you but does no damage.
The six-headed hydra simulacrum closely misses you.
The six-headed hydra simulacrum bites you but does no damage.
The six-headed hydra simulacrum bites you.
The six-headed hydra simulacrum freezes you!
* * * LOW HITPOINT WARNING * * *
The six-headed hydra simulacrum bites you.
* * * LOW HITPOINT WARNING * * *
The six-headed hydra simulacrum freezes you!!
You die...
Your body crumbles into a pile of gold.

......P###..##
.....### ##..# ...###
#..# ### ....#
###..###.## ...P#
##.#...##..###
....####............##
.####....######~.....#
## ###..#.~~$$~P⌠P..##
#.#.#...~#Z@.....#
###.#....#####...##
##.#....# #....#
#..###..+ #...##
##.#∆/..# #....#
#..##########...##
##.............#.#
#...............###
###...........#...###


You could see a six-headed hydra simulacrum.

Vanquished Creatures
  2 hydras
  A boulder beetle (Lair:5)
  7 two-headed ogres
  Sonja (D:11)
  A skyshark (Lair:3)
  Lodul (D:10)
  A necromancer (Lair:5)
  An ugly thing (D:12)
  A cyclops (D:11)
  A manticore (D:12)
  7 elephants (Lair:3)
  A rust devil (D:9)
  4 black mambas
  Maurice (D:10)
  2 torpor snails
  3 gargoyles
  2 rime drakes
  An orange demon (D:9)
  10 cane toads
  2 unseen horrors
  9 komodo dragons
  Psyche (D:10)
  4 polar bears
  An ice devil (D:9)
  Grinder (D:6)
  7 dream sheep (Lair:3)
  7 blink frogs
  6 slime creatures (D:12)
  Sigmund (D:5)
  18 yaks
  A wraith (D:10)
  2 basilisks
  A chaos spawn (D:9)
  Grum (Bailey)
  3 wyverns
  9 vampire mosquitoes
  2 neqoxecs (D:9)
  2 steam dragons
  4 nagas (Lair:3)
  An acid dragon (D:11)
  Duvessa (D:6)
  13 water moccasins
  2 sky beasts
  A swamp drake (Lair:2)
  8 orc warriors
  8 ogres
  14 wolves
  4 centaurs
  2 scorpions
  15 bullfrogs
  9 gnoll sergeants
  6 wights
  Dowan (D:6)
  4 killer bees (D:8)
  5 howler monkeys
  A vampire bat (Lair:1)
  3 electric eels (D:10)
  A crimson imp (D:8)
  7 gnoll boudas (Bailey)
  7 orc priests
  5 hounds
  4 iguanas
  2 jellies
  3 iron imps (D:4)
  A sleepcap (D:6)
  16 orc wizards
  2 hell rats (Lair:5)
  2 adders
  20 gnolls
  A shadow imp (D:5)
  2 white imps
  A hell rat simulacrum (Lair:5)
  4 ufetubi
  3 worms
  6 dart slugs
  37 orcs
  5 endoplasms
  10 giant cockroaches
  13 goblins
  10 hobgoblins
  7 jackals
  8 kobolds
  2 quokkas
  11 ball pythons
  13 bats
  5 frilled lizards
  3 goblin skeletons (D:8)
  2 goblin zombies (D:8)
  3 hobgoblin zombies (D:8)
  2 kobold skeletons (D:8)
  2 orc zombies (D:8)
  5 rats
453 creatures vanquished.

Notes
Turn   | Place    | Note
-------+----------+-------------------------------------------
     0 | D:1      | lessens the Gnoll Gladiator began the quest for the Orb.
     0 | D:1      | Reached XP level 1. HP: 20/20 MP: 1/1
    78 | D:1      | Reached XP level 2. HP: 20/26 MP: 2/2
   112 | D:1      | Found a faded altar of an unknown god.
   130 | D:1      | Prayed at the altar of an unknown god.
   130 | D:1      | Became a worshipper of Gozag Ym Sagoz the Greedy
   526 | D:1      | Reached XP level 3. HP: 31/31 MP: 3/3
  1032 | D:1      | Reached skill level 1 in Invocations
  1294 | D:2      | Reached skill level 1 in Short Blades
  1294 | D:2      | Reached skill level 1 in Long Blades
  1294 | D:2      | Reached skill level 1 in Maces & Flails
  1294 | D:2      | Reached skill level 1 in Polearms
  1294 | D:2      | Reached skill level 1 in Staves
  1294 | D:2      | Reached skill level 1 in Ranged Weapons
  1294 | D:2      | Reached skill level 1 in Armour
  1294 | D:2      | Reached skill level 1 in Stealth
  1294 | D:2      | Reached skill level 1 in Shields
  1294 | D:2      | Reached skill level 1 in Unarmed Combat
  1294 | D:2      | Reached skill level 1 in Spellcasting
  1294 | D:2      | Reached skill level 1 in Evocations
  1603 | D:2      | Reached XP level 4. HP: 33/38 MP: 5/5
  1687 | D:2      | Reached skill level 1 in Shapeshifting
  2502 | D:3      | Reached skill level 1 in Conjurations
  2502 | D:3      | Reached skill level 1 in Hexes
  2502 | D:3      | Reached skill level 1 in Summonings
  2502 | D:3      | Reached skill level 1 in Necromancy
  2502 | D:3      | Reached skill level 1 in Translocations
  2502 | D:3      | Reached skill level 1 in Transmutations
  2502 | D:3      | Reached skill level 1 in Fire Magic
  2502 | D:3      | Reached skill level 1 in Ice Magic
  2502 | D:3      | Reached skill level 1 in Air Magic
  2502 | D:3      | Reached skill level 1 in Earth Magic
  2502 | D:3      | Reached skill level 1 in Poison Magic
  2834 | D:4      | Found a staircase to the Ecumenical Temple.
  3107 | D:4      | Found a burning altar of Makhleb.
  3132 | D:4      | Reached XP level 5. HP: 37/43 MP: 5/7
  3561 | D:4      | Reached skill level 5 in Fighting
  3561 | D:4      | Reached skill level 5 in Throwing
  3561 | D:4      | Reached XP level 6. HP: 51/51 MP: 8/8
  3824 | D:4      | Noticed a sky beast
  3838 | D:4      | Killed a sky beast
  4107 | D:5      | Entered Level 5 of the Dungeon
  4204 | D:5      | Reached XP level 7. HP: 54/56 MP: 10/10
  4685 | D:5      | Noticed Sigmund
  4695 | D:5      | Found an ancient bone altar of Kikubaaqudgha.
  4752 | D:5      | Found a white marble altar of Elyvilon.
  4786 | D:5      | Killed Sigmund
  5419 | D:6      | Found an ornate altar of the Wu Jian Council.
  5524 | D:6      | Reached XP level 8. HP: 63/63 MP: 12/12
  5678 | D:6      | Noticed Grinder
  5691 | D:6      | Paralysed by Grinder for 3 turns
  5703 | D:6      | Paralysed by Grinder for 2 turns
  5705 | D:6      | Killed Grinder
  6245 | D:6      | Found a sparkling altar of Nemelex Xobeh.
  6460 | D:6      | Noticed Dowan
  6465 | D:6      | Noticed Duvessa
  6474 | D:6      | Killed Duvessa
  6480 | D:6      | Killed Dowan
  6618 | D:7      | Reached XP level 9. HP: 40/69 MP: 14/14
  6815 | D:7      | Noticed a gargoyle
  7179 | D:7      | Killed a gargoyle
  7475 | D:7      | Found a stormy altar of Qazlal.
  7815 | D:8      | Noticed a two-headed ogre
  8169 | D:8      | Reached skill level 5 in Invocations
  8267 | D:8      | Killed a two-headed ogre
  8268 | D:8      | Reached XP level 10. HP: 74/77 MP: 15/17
  8465 | D:8      | Reached skill level 5 in Short Blades
  8465 | D:8      | Reached skill level 5 in Long Blades
  8465 | D:8      | Reached skill level 5 in Maces & Flails
  8465 | D:8      | Reached skill level 5 in Polearms
  8465 | D:8      | Reached skill level 5 in Staves
  8465 | D:8      | Reached skill level 5 in Ranged Weapons
  8465 | D:8      | Reached skill level 5 in Armour
  8465 | D:8      | Reached skill level 5 in Stealth
  8465 | D:8      | Reached skill level 5 in Shields
  8465 | D:8      | Reached skill level 5 in Unarmed Combat
  8465 | D:8      | Reached skill level 5 in Spellcasting
  8465 | D:8      | Reached skill level 5 in Evocations
  8696 | D:8      | Found a glowing golden altar of the Shining One.
  9275 | D:8      | Noticed a two-headed ogre
  9655 | D:8      | Reached skill level 5 in Shapeshifting
  9890 | D:8      | Killed a two-headed ogre
 10050 | D:9      | Found a staircase to the Lair.
 10220 | D:9      | Found a radiant altar of Vehumet.
 10220 | D:9      | Noticed a two-headed ogre
 10230 | D:9      | Killed a two-headed ogre
 10322 | D:9      | Found a bloodstained altar of Trog.
 10482 | D:9      | Found a snail-covered altar of Cheibriados.
 10522 | D:9      | Noticed an orange demon
 10523 | D:9      | Noticed a rust devil
 10596 | D:10     | Entered Level 10 of the Dungeon
 10597 | D:10     | Found a staircase to the Orcish Mines.
 10645 | D:10     | Noticed Lodul
 10834 | D:10     | Found Neuzot's Antique Weapon Shoppe.
 11008 | D:10     | Reached XP level 11. HP: 84/84 MP: 19/19
 11048 | D:10     | Killed Lodul
 11049 | D:10     | Reached skill level 5 in Conjurations
 11049 | D:10     | Reached skill level 5 in Hexes
 11049 | D:10     | Reached skill level 5 in Summonings
 11049 | D:10     | Reached skill level 5 in Necromancy
 11049 | D:10     | Reached skill level 5 in Translocations
 11049 | D:10     | Reached skill level 5 in Transmutations
 11049 | D:10     | Reached skill level 5 in Fire Magic
 11049 | D:10     | Reached skill level 5 in Ice Magic
 11049 | D:10     | Reached skill level 5 in Air Magic
 11049 | D:10     | Reached skill level 5 in Earth Magic
 11049 | D:10     | Reached skill level 5 in Poison Magic
 11196 | D:10     | Found a flagged portal.
 11208 | Bailey   | Entered a bailey
 11373 | Bailey   | Noticed Grum
 11932 | Bailey   | Killed Grum
 12292 | Bailey   | Identified the +2 scimitar of Cocytus {heavy, Dex+10 SInv}
 12508 | D:10     | Noticed a two-headed ogre
 12531 | D:10     | Killed a two-headed ogre
 12694 | D:6      | Bought the +11 great sword of Conscience {flame, Drain
                  | Will+ Dex+5 Stlth+} for 1392 gold pieces
 12893 | D:9      | Gained mutation: You occasionally lose the ability to read
                  | scrolls when taking damage. [a neqoxec]
 13016 | D:9      | Gained mutation: You have hidden genetic defects. [a
                  | neqoxec]
 13341 | D:9      | Found a hazy altar of Hepliaklqana.
 13431 | D:10     | Noticed Maurice
 13452 | D:10     | Killed Maurice
 13829 | D:10     | Noticed Psyche
 13835 | D:10     | Killed Psyche
 14049 | D:10     | Found a shimmering blue altar of Sif Muna.
 14066 | D:10     | Gained mutation: Your magical capacity is low. (-10% MP)
                  | [hidden defects]
 14480 | D:11     | Noticed a cyclops
 14486 | D:11     | Killed a cyclops
 14537 | D:11     | Noticed a two-headed ogre
 14547 | D:11     | Killed a two-headed ogre
 14548 | D:11     | Reached XP level 12. HP: 68/94 MP: 20/20
 14660 | D:11     | Noticed a two-headed ogre
 14665 | D:11     | Killed a two-headed ogre
 14670 | D:11     | Gained mutation: You occasionally lose the ability to drink
                  | potions when taking damage. [hidden defects]
 14670 | D:11     | Lost mutation: You have hidden genetic defects. [hidden
                  | defects expressed]
 14730 | D:11     | Noticed a two-headed ogre
 14742 | D:11     | Killed a two-headed ogre
 15458 | D:11     | Noticed Sonja
 15490 | D:11     | Killed Sonja
 15749 | D:12     | Found a radiant altar of Vehumet.
 16150 | D:12     | Reached skill level 10 in Axes
 16150 | D:12     | Reached skill level 10 in Dodging
 16926 | D:12     | Found Bezanag's Weapon Shop.
 17092 | Gauntlet | Identified the "Tyvovof"
 17092 | Lair:1   | Entered Level 1 of the Lair of Beasts
 18511 | Lair:2   | Reached XP level 13. HP: 101/101 MP: 22/22
 19115 | Lair:2   | Found a staircase to the Swamp.
 19786 | Lair:2   | Bought the +7 plate armour "Jegaquuw" {rF++ Dex-5} for 936
                  | gold pieces
 20600 | Lair:3   | Found a staircase to the Snake Pit.
 21238 | Lair:4   | Reached skill level 10 in Fighting
 21238 | Lair:4   | Reached skill level 10 in Throwing
 21845 | Lair:5   | Entered Level 5 of the Lair of Beasts
 21922 | Lair:5   | Found a viscous altar of Jiyva.
 21922 | Lair:5   | Found a staircase to the Slime Pits.
 22387 | Lair:5   | Reached XP level 14. HP: 110/110 MP: 24/24
 22579 | Lair:5   | Mangled by a six-headed hydra simulacrum

Illustrated notes

Levels and vault maps discovered:
D:1:      dpeg_arrival_fog, layout_basic, hellmonk_ecumenical_altar_blasted
D:2:      layout_basic, minmay_heptomino_l4
D:3:      layout_rooms
D:4:      layout_basic, demons_altar, temple_statues, minmay_misc_feat_iff
D:5:      layout_rooms, nicolae_overflow_hidden_temple,
          mainiacjoe_overflow_six_doors_small, uniq_sigmund
D:6:      layout_basic, mainiacjoe_overflow_boulevard, lemuel_doored_altar,
          uniq_grinder, uniq_duvessa
D:7:      layout_rooms, grunt_qazlal_clouds
D:8:      layout_gridville, nicolae_tso_besieged_by_evil
D:9:      layout_roguey, worldfamousw_hep_ancestral_shrine,
          mainiacjoe_overflow_two_lobes, kennysheep_mini_moat,
          dpeg_oklobed_lair, st_stairs_4, nicolae_neqoxec_dot_bat
D:10:     layout_basic, kennysheep_orc_sif_temple, david_orc_2, serial_shops,
          nicolae_shop_tiny_statue_garden, enter_bailey_2, uniq_maurice,
          uniq_psyche, uniq_lodul
D:11:     layout_long_grid, uniq_sonja
D:12:     layout_loops_cross, serial_shops, shop, vehumet_crystals
Lair:1:   layout_loops_ring, serial_bayou_pond_a, roderic_batcave,
          wad_woods_road_05
Lair:2:   layout_cave_pods, minmay_swamp_entry_reptiles, st_stairs_5,
          grunt_megastairs_4
Lair:3:   layout_regular_city, minmay_snake_entry_guardpost_small,
          chequers_serial_rivers_large_a, grunt_forest_small_clearings,
          st_stairs_6, serial_bayou_crossing, serial_bayou_shore_b
Lair:4:   layout_long_grid
Lair:5:   guppyfry_lair_end_dragon, layout_cave_pods, slime_entry_1,
          eino_house_with_fridge

Skill      XL: |  1  2  3  4  5  6  7  8  9 10 11 12 13 |
---------------+----------------------------------------+-----
Invocations    | 1 2 3 4 5 6 7 8 9 |  9.9
Short Blades   | 1 2 3 4 5 7 9 |  9.1
Long Blades    | 1 2 3 4 5 7 9 |  9.1
Maces & Flails | 1 2 3 4 5 7 9 |  9.1
Polearms       | 1 2 3 4 5 7 9 |  9.1
Staves         | 1 2 3 4 5 7 9 |  9.1
Ranged Weapons | 1 2 3 4 5 7 9 |  9.1
Armour         | 1 2 3 4 5 7 9 |  9.1
Stealth        | 1 2 3 4 5 7 9 |  9.1
Shields        | 1 2 3 4 5 7 9 |  9.1
Unarmed Combat | 1 2 3 4 5 7 9 |  9.1
Spellcasting   | 1 2 3 4 5 7 9 |  9.1
Evocations     | 1 2 3 4 5 7 9 |  9.1
Shapeshifting  | 1 2 3 4 5 6 7 8 |  8.3
Conjurations   | 1 2 3 4 5 6 7 |  7.6
Hexes          | 1 2 3 4 5 6 7 |  7.6
Summonings     | 1 2 3 4 5 6 7 |  7.6
Necromancy     | 1 2 3 4 5 6 7 |  7.6
Translocations | 1 2 3 4 5 6 7 |  7.6
Transmutations | 1 2 3 4 5 6 7 |  7.6
Fire Magic     | 1 2 3 4 5 6 7 |  7.6
Ice Magic      | 1 2 3 4 5 6 7 |  7.6
Air Magic      | 1 2 3 4 5 6 7 |  7.6
Earth Magic    | 1 2 3 4 5 6 7 |  7.6
Poison Magic   | 1 2 3 4 5 6 7 |  7.6
Fighting       | 5 6 7 8 9 10 | 10.2
Throwing       | 5 6 7 8 9 10 | 10.2
Axes           | 7 8 9 10 11 | 11.2
Dodging        | 7 8 9 10 11 | 11.2

Action                     |  1- 3 |  4- 6 |  7- 9 | 10-12 | 13-15 || total
---------------------------+-------+-------+-------+-------+-------++-------
  Melee: War axe           |   116 |     8 |     9 |    18 |       ||   151
         Bite              |     6 |    35 |    61 |    84 |    38 ||   224
         Punch             |     2 |     8 |     6 |       |       ||    16
         Dagger            |       |   224 |   310 |   363 |       ||   897
         Flail             |       |       |    17 |    34 |       ||    51
         Short sword       |       |       |    17 |    53 |       ||    70
         Great sword       |       |       |       |   238 |   296 ||   534
         Unarmed           |       |       |       |    21 |       ||    21
  Throw: Dart              |       |     7 |    25 |    37 |       ||    69
         Throwing net      |       |       |     1 |     3 |       ||     4
         Stone             |       |       |     3 |     2 |       ||     5
         Javelin           |       |       |     2 |     1 |       ||     3
         Boomerang         |       |       |     2 |    12 |       ||    14
 Invoke: Call Merchant     |       |       |     1 |       |     1 ||     2
  Evoke: Wand              |       |       |     6 |     8 |     2 ||    16
         Phial of floods   |       |       |       |     1 |     1 ||     2
    Use: Scroll            |       |       |     7 |    12 |     1 ||    20
         Potion            |       |       |     2 |     5 |       ||     7
   Stab: Distracted        |     1 |     1 |       |     6 |     2 ||    10
         Sleeping          |       |     2 |     2 |     7 |     1 ||    12
         Held in net/web   |       |       |       |     1 |       ||     1
 Armour: Leather armour    |    14 |       |    37 |   100 |       ||   151
         Ring mail         |    49 |   131 |   143 |       |       ||   323
         Skin              |       |       |    15 |     8 |       ||    23
         Scale mail        |       |       |       |   249 |    37 ||   286
         Plate armour      |       |       |       |       |   294 ||   294
  Dodge: Dodged            |    90 |   145 |   280 |   603 |   342 ||  1460
  Block: Kite shield       |       |       |    93 |   212 |       ||   305
         Other             |       |       |       |    24 |    17 ||    41

Table legend: (Time is in decaauts)
 A = Elapsed time spent in this place.
 B = Non-inter-level travel time spent in this place.
 C = Inter-level travel time spent in this place.
 D = Time resting spent in this place.
 E = Time spent auto-exploring this place.
 F = Levels seen in this place.
 G = Mean time per level.
                   A        B        C        D        E       F      G
               +--------+--------+--------+--------+--------+-----+--------+
         Total |  22690 |  21443 |   1247 |    848 |  15444 |  18 | 1260.6 |
       Dungeon |  15866 |  14786 |   1080 |    547 |  10594 |  12 | 1322.2 |
          Lair |   5628 |   5462 |    166 |      4 |   4453 |   5 | 1125.6 |
        Bailey |   1194 |   1194 |      0 |    297 |    397 |   1 | 1194.0 |
               +--------+--------+--------+--------+--------+-----+--------+

Top non-repeatable levels by time:
     D:8: 2152 daAuts
     D:6: 1842 daAuts
    D:10: 1702 daAuts
  Lair:3: 1528 daAuts
    D:12: 1422 daAuts
  Lair:2: 1390 daAuts
     D:9: 1289 daAuts
  Lair:1: 1274 daAuts
     D:4: 1269 daAuts
     D:7: 1247 daAuts
    D:11: 1200 daAuts
  Bailey: 1194 daAuts
     D:1: 1171 daAuts
     D:2: 1067 daAuts
     D:5: 895 daAuts

Levels and vault maps discovered:
D:1:      dpeg_arrival_fog, layout_basic, hellmonk_ecumenical_altar_blasted
D:2:      layout_basic, minmay_heptomino_l4
D:3:      layout_rooms
D:4:      layout_basic, demons_altar, temple_statues, minmay_misc_feat_iff
D:5:      layout_rooms, nicolae_overflow_hidden_temple,
          mainiacjoe_overflow_six_doors_small, uniq_sigmund
D:6:      layout_basic, mainiacjoe_overflow_boulevard, lemuel_doored_altar,
          uniq_grinder, uniq_duvessa
D:7:      layout_rooms, grunt_qazlal_clouds
D:8:      layout_gridville, nicolae_tso_besieged_by_evil
D:9:      layout_roguey, worldfamousw_hep_ancestral_shrine,
          mainiacjoe_overflow_two_lobes, kennysheep_mini_moat,
          dpeg_oklobed_lair, st_stairs_4, nicolae_neqoxec_dot_bat
D:10:     layout_basic, kennysheep_orc_sif_temple, david_orc_2, serial_shops,
          nicolae_shop_tiny_statue_garden, enter_bailey_2, uniq_maurice,
          uniq_psyche, uniq_lodul
D:11:     layout_long_grid, uniq_sonja
D:12:     layout_loops_cross, serial_shops, shop, vehumet_crystals
Lair:1:   layout_loops_ring, serial_bayou_pond_a, roderic_batcave,
          wad_woods_road_05
Lair:2:   layout_cave_pods, minmay_swamp_entry_reptiles, st_stairs_5,
          grunt_megastairs_4
Lair:3:   layout_regular_city, minmay_snake_entry_guardpost_small,
          chequers_serial_rivers_large_a, grunt_forest_small_clearings,
          st_stairs_6, serial_bayou_crossing, serial_bayou_shore_b
Lair:4:   layout_long_grid
Lair:5:   guppyfry_lair_end_dragon, layout_cave_pods, slime_entry_1,
          eino_house_with_fridge
